Map: Emerald City LE

Players

WingZ - Winner!

  • Race: Protoss Protoss
  • Spawn Location: 11:00

Nurble - Winner!

  • Race: Terran Terran
  • League: Diamond
  • Spawn Location: 11:00

Massa

  • Race: Terran Terran
  • League: Gold
  • Spawn Location: 5:00

qqq

  • Race: Zerg Zerg
  • Spawn Location: 5:00

VOD

Have the link to the VOD?

Description

Time

  • Played on: June 30, 2020, 2:53 p.m.
  • Length: 10:44
Show
View Real Time Build Order
Export as new Build Order

WingZ Protoss - Winner!

Build Orders: Dark Templar Rush 

Get SALT Encoding   

  12  0:01  Probe  
  13  0:13  Probe  
  14  0:25  Probe, Pylon  
  15  0:43  Probe, Gateway  
  16  0:50  Assimilator  
  16  0:51  Probe  
  17  1:01  Probe  
  18  1:14  Probe  
  19  1:26  Probe  
  19  1:30  Cybernetics Core  
  20  1:37  Pylon  
  20  1:38  Probe  
  21  1:42  Assimilator  
  21  1:50  Probe  
  22  1:58  Gateway  
  22  1:59  Gateway, Warp Gate  
  22  2:02  Probe  
  23  2:19  Twilight Council  
  23  2:29  Robotics Facility  
  23  2:51  Nexus  
  23  3:02  Dark Shrine  
  23  3:11  Pylon  
  23  3:14  Warp Prism  
  24  4:07  Probe  
  25  4:19  Probe, Dark Templar x3  
  32  4:31  Probe  
  33  4:43  Probe  
  34  4:55  Probe  
  34  4:57  Dark Templar x2  
  33  5:24  Probe x2  
  35  5:34  Dark Templar  
  37  5:36  Probe x2  
  37  5:39  Dark Templar  
  41  5:48  Probe x2  
  41  6:00  Probe x2  
  39  6:12  Probe x2  
  41  6:20  Assimilator  
  41  6:24  Probe, Assimilator  
  41  6:25  Templar Archives  
  40  6:28  Probe, Pylon  
  40  6:31  Pylon  
  41  6:36  Probe  
  41  6:37  Probe  
  41  6:38  Pylon  
  41  6:39  Observer  
  43  6:46  Probe  
  44  6:49  Probe, Zealot x2  
  44  6:50  Zealot  
  52  6:54  Psionic Storm  
  52  6:58  Probe  
  52  7:01  Probe  
  54  7:09  Gateway  
  54  7:12  Gateway  
  54  7:15  Gateway  
  54  7:16  Gateway  
  54  7:20  Gateway  
  54  7:24  Dark Templar x2  
  54  7:56  Zealot x3  
  58  8:06  Zealot  
  58  8:08  High Templar  
  58  8:09  High Templar  
  64  8:18  Warp Prism  
  69  8:23  Charge  
  68  8:30  Nexus  
  68  8:33  Pylon  
  66  8:35  Pylon  
  66  8:37  Pylon  
  66  8:46  High Templar  
  66  8:47  High Templar x2  
  72  8:59  Archon  
  72  9:00  Archon  
  72  9:16  Zealot x2  
  72  9:17  Zealot  
  78  9:34  Forge  
  78  9:35  Forge  
  78  9:40  Zealot  
  78  9:41  Zealot x6  
  78  9:42  Zealot  
  94  9:58  Probe  
  94  9:59  Probe x2  
  97  10:10  Probe  
  97  10:11  Probe x2  
  97  10:12  High Templar x2  
  97  10:13  High Templar x4  
  112  10:23  Probe x3  
  117  10:41  Pylon  
  110  10:42  Pylon  
Show
View Real Time Build Order
Export as new Build Order

Nurble Terran - Winner!

Build Orders: Reaper Expand 

Get SALT Encoding   

  12  0:00  SCV  
  13  0:13  SCV  
  14  0:17  Supply Depot  
  14  0:25  SCV  
  15  0:39  SCV, Barracks  
  16  0:46  Refinery  
  16  0:51  SCV  
  17  1:03  SCV  
  18  1:15  SCV  
  19  1:31  Reaper, Orbital Command  
  20  1:48  Supply Depot  
  20  2:03  Command Center  
  20  2:11  SCV  
  21  2:19  Factory  
  21  2:20  Marine  
  21  2:24  SCV  
  21  2:26  Refinery  
  22  2:36  SCV  
  23  2:44  Barracks Reactor  
  23  2:49  SCV  
  23  2:55  Barracks  
  23  3:08  Starport  
  23  3:13  SCV  
  24  3:27  Hellion x2  
  24  3:29  Barracks Tech Lab  
  24  3:31  Orbital Command  
  27  3:43  SCV  
  27  3:46  Medivac  
  29  3:48  Hellion  
  29  3:49  Hellion, Stimpack  
  33  3:56  SCV  
  33  4:02  SCV  
  35  4:08  SCV  
  36  4:15  Engineering Bay  
  36  4:18  Engineering Bay  
  36  4:19  Starport Reactor  
  36  4:20  Barracks Reactor  
  36  4:26  Marine  
  36  4:27  SCV  
  36  4:28  SCV  
  39  4:33  Barracks  
  39  4:41  SCV x2  
  41  4:55  Marine  
  41  4:56  Factory Tech Lab, Barracks  
  42  5:17  Marine  
  42  5:18  Marine  
  44  5:23  Terran Infantry Armor Level 1, Terran Infantry Weapons Level 1  
  44  5:25  Command Center  
  44  5:29  Siege Tank  
  44  5:30  Refinery  
  41  5:38  Marine x2  
  43  5:43  Barracks Reactor  
  43  5:44  Medivac  
  43  5:45  Refinery, SCV  
  46  6:03  Supply Depot  
  46  6:07  SCV x2  
  46  6:23  Supply Depot  
  46  6:24  Liberator, Marine x2, Siege Tank  
  54  6:36  Marine x2  
  56  6:40  Orbital Command  
  56  6:46  Supply Depot  
  44  6:57  Marine x4  
  44  6:59  Siege Tank  
  50  7:01  Marine  
  51  7:18  Marine x2  
  50  7:36  SCV x2  
  52  7:48  SCV  
  53  7:57  Marine x2  
  53  7:58  Marine  
  55  8:02  Orbital Command  
  55  8:03  Siege Tank  
  56  8:10  SCV x2  
  58  8:20  Marine x2  
  58  8:21  Marine x3  
  58  8:22  SCV x2  
  65  8:38  Marine  
  66  8:42  SCV x3  
  69  8:54  SCV x3, Marine x3  
  69  8:55  Marine, Siege Tank  
  73  8:57  Medivac x2  
  80  9:03  Supply Depot  
  80  9:04  Armory  
  80  9:05  Supply Depot  
  80  9:06  SCV x3, Supply Depot x2  
  80  9:07  Supply Depot  
  83  9:23  Marine x2  
  85  9:25  Marine  
  86  9:32  SCV  
  86  9:33  SCV x2  
  89  9:44  SCV  
  89  9:45  SCV x2  
  90  9:52  Marine x4  
  91  9:53  Siege Tank  
  91  9:55  Medivac x2  
  91  9:56  SCV  
  91  9:57  SCV x2  
  102  10:00  Refinery  
  102  10:01  Refinery  
  102  10:03  Missile Turret  
  102  10:04  Missile Turret  
  102  10:06  Bunker, Sensor Tower, Missile Turret  
  102  10:08  SCV  
  102  10:09  SCV x2  
  105  10:20  SCV, Barracks x2  
  105  10:21  SCV x2  
Show
View Real Time Build Order
Export as new Build Order

Massa Terran 

Build Orders:  

Get SALT Encoding   

  12  0:06  SCV  
  13  0:16  Supply Depot  
  13  0:18  SCV  
  14  0:30  SCV  
  15  0:39  Barracks  
  15  0:43  SCV  
  16  0:55  SCV  
  17  0:59  Refinery  
  17  1:07  SCV  
  18  1:19  SCV  
  19  1:31  Marine  
  20  1:37  Supply Depot  
  20  1:40  Supply Depot  
  20  1:46  SCV  
  22  1:58  SCV, Reaper  
  23  2:28  Command Center  
  23  2:30  Marine  
  24  2:41  Barracks  
  24  2:42  Orbital Command  
  24  2:48  Reaper  
  25  3:10  SCV  
  26  3:20  Marine  
  26  3:22  SCV  
  28  3:34  SCV  
  29  3:55  SCV  
  29  3:56  SCV  
  29  4:07  SCV  
  29  4:08  SCV  
  31  4:10  Supply Depot  
  31  4:20  SCV x2  
  33  4:29  Factory  
  33  4:32  SCV, Orbital Command  
  33  4:37  Refinery  
  34  4:39  Command Center  
  34  4:44  SCV, Engineering Bay  
  35  4:56  SCV  
  36  5:06  Marine x2  
  30  5:08  SCV  
  30  5:11  Bunker  
  28  5:16  Widow Mine  
  20  5:24  Marine x2  
  21  5:34  SCV  
  21  5:38  Widow Mine  
  21  5:42  Marine x2  
  18  5:46  SCV  
  12  5:58  SCV  
  12  5:59  Marine  
  12  6:00  Marine  
  13  6:05  SCV  
  13  6:10  SCV  
  15  6:15  Missile Turret  
  15  6:17  SCV, Marine  
  15  6:18  Marine  
  16  6:22  SCV  
  17  6:29  SCV  
  18  6:34  SCV  
  18  6:35  Marine x2, Missile Turret  
  21  6:41  SCV  
  21  6:46  SCV  
  23  6:47  Factory Tech Lab  
  23  6:55  Missile Turret  
  23  7:01  SCV x2  
  25  7:10  Marine x2  
  25  7:13  SCV  
  25  7:14  SCV  
  29  7:25  SCV  
  29  7:26  SCV  
  29  7:28  Marine  
  32  7:52  SCV x2  
  31  8:04  SCV x2  
  31  8:16  SCV x2  
  33  8:23  Terran Infantry Weapons Level 1  
  33  8:25  SCV  
  34  8:28  SCV x2  
  36  8:37  SCV  
  36  8:40  SCV x2  
  36  8:41  Missile Turret  
  39  8:46  Missile Turret  
  39  8:49  SCV, Missile Turret  
  40  8:57  Barracks Tech Lab  
  40  8:59  Barracks Reactor  
  40  9:01  SCV  
  41  9:06  Missile Turret  
  41  9:14  Refinery  
  40  9:35  Siege Tank  
  40  9:36  Marine x3  
  44  9:51  SCV  
  44  9:52  SCV x2  
  47  9:54  Marine x3  
  50  10:03  SCV  
  50  10:04  SCV x2  
  53  10:12  Marine x2  
  53  10:13  Marauder  
  54  10:16  SCV  
  54  10:17  SCV  
  45  10:34  Barracks  
  49  10:35  Barracks  
Show
View Real Time Build Order
Export as new Build Order

qqq Zerg 

Build Orders: Hatch First 

Get SALT Encoding   

  12  0:02  Drone  
  13  0:31  Hatchery  
  12  0:37  Drone  
  12  0:39  Drone  
  14  0:48  Overlord  
  14  0:53  Extractor  
  13  1:08  Spawning Pool  
  12  1:18  Overlord  
  12  1:22  Drone  
  13  1:28  Drone  
  14  1:33  Drone  
  15  1:44  Drone  
  15  1:45  Drone  
  17  1:53  Drone  
  18  1:55  Drone  
  19  2:06  Queen  
  21  2:11  Drone  
  22  2:17  Drone  
  22  2:18  Drone  
  22  2:20  Zergling x2  
  25  2:30  Queen  
  25  2:34  Drone  
  28  2:38  Zergling x2  
  29  2:50  Metabolic Boost  
  29  2:52  Zergling x4  
  29  2:53  Drone x2  
  33  3:00  Zergling x2  
  34  3:12  Zergling x2  
  35  3:14  Zergling x2  
  36  3:21  Overlord  
  36  3:22  Overlord  
  36  3:36  Hatchery  
  36  3:39  Zergling x2  
  36  3:40  Drone  
  37  3:42  Drone x2  
  37  3:43  Zergling x2  
  37  3:44  Drone  
  41  3:49  Lair  
  41  3:51  Zergling x2  
  41  3:54  Zergling x2  
  43  3:56  Zergling x2  
  43  3:58  Drone  
  45  4:09  Spine Crawler  
  44  4:13  Drone, Spine Crawler  
  44  4:14  Drone x2  
  44  4:16  Zergling x2  
  47  4:25  Drone, Roach Warren  
  47  4:27  Zergling x2  
  47  4:29  Drone  
  46  4:51  Queen  
  48  4:58  Overseer  
  19  5:30  Zergling x2  
  19  5:31  Zergling x10  
  19  5:32  Drone, Zergling x4  
  19  5:33  Zergling x4  
  24  5:44  Drone  
  24  5:45  Drone x2  
  24  5:47  Drone x2  
  29  5:51  Spore Crawler  
  28  6:11  Drone, Queen  
  27  6:12  Drone  
  30  6:26  Spore Crawler  
  30  6:32  Drone x3  
  32  6:33  Drone  
  32  6:34  Drone  
  32  6:37  Drone  
  34  7:07  Drone  
  34  7:08  Drone x4  
  36  7:09  Zergling x6  
  36  7:10  Zergling x2  
  40  7:28  Drone  
  41  7:30  Spine Crawler  
  41  7:33  Spore Crawler  
  41  7:34  Drone  
  41  7:35  Drone x2, Spine Crawler  
  41  7:36  Zergling x4  
  35  8:02  Drone x3  
  34  8:12  Queen  
  32  8:17  Spore Crawler  
  31  8:20  Drone x2  
  31  8:21  Drone x2  
  31  8:22  Zergling x6  
  31  8:26  Spore Crawler x2  
  35  8:33  Spore Crawler  
  34  8:34  Drone  
  34  8:35  Spore Crawler  
  34  8:39  Drone  
  34  8:53  Drone x4  
  37  8:56  Drone  
  36  9:11  Spire  
  32  9:29  Roach x2  
  32  9:30  Roach  
  33  9:31  Roach x2  
  33  9:32  Roach  
  39  9:39  Drone  
  39  9:40  Drone x2  
  42  9:50  Roach  
  44  10:05  Roach x2  
  44  10:06  Drone x5  
  54  10:07  Drone  
  54  10:20  Zergling x2  
  54  10:21  Zergling x6  
Tags
 
Add a new tag
Caveats
  • Supply blocks, unpowered buildings, or Contaminate may cause inaccurate times.
  • Supply counts are checked every 10 seconds.